AoeStats
← andres-4593

Oasis

509694330Analyzed
2v2 RM · 3d ago on Sep 27, 2026· 47m 21s· 4 players
Game mode
Random Map
Map size
Medium (4 player)
Population
200
Speed
Normal
Resources
Standard
Victory
Conquest
Starting age
Dark Age
Ending age
Imperial Age
RankedLock teamsTeams togetherTeam positionsShared explorationLock speedFull tech treeHidden civsTurbo modeCheats
Victory
Defeat
🇨🇴 Japanese · Colombia
448
+15
🇩🇿 Berbers · Algeria
405
+17
🇩🇪 Italians · Germany
433
-16
🇩🇪 Lithuanians · Germany
433
-16
SlimDZ16
15:31 Feudal Age
21:13 Double-Bit Axe
32:44 Man-at-Arms
45:41 Horse Collar
andres-4593
0:31 Loom
10:29 Feudal Age
10:52 Horse Collar
10:58 Double-Bit Axe
11:04 Town Watch
15:32 Gold Mining
17:12 Wheelbarrow
22:33 Castle Age
20:31 Stone Mining
20:28 Man-at-Arms
20:55 Arson
22:34 Forging
22:54 Scale Mail Armor
24:09 Hand Cart
23:58 Heavy Plow
24:55 Fletching
25:26 Padded Archer Armor
27:59 Leather Archer Armor
28:05 Man-at-Arms
28:09 Elite Skirmisher
30:33 Bow Saw
31:01 Gold Shaft Mining
30:25 Pikeman
32:47 Town Patrol
36:56 Imperial Age
35:01 Yasama
35:26 Bodkin Arrow
34:55 Long Swordsman
35:38 Squires
36:02 Long Swordsman
37:41 Chain Mail Armor
38:01 Iron Casting
37:24 Crossbowman
40:07 Chemistry
38:49 Treadmill Crane
40:58 Blast Furnace
41:34 Ring Archer Armor
41:05 Bracer
40:56 Two-Handed Swordsman
41:47 Thumb Ring
43:06 Ballistics
43:49 Champion
46:01 Kataparuto
45:48 Elite Genitour
Häslaus
1:22 Loom
13:32 Feudal Age
14:41 Double-Bit Axe
14:37 Horse Collar
SmacTac
9:54 Feudal Age
10:20 Double-Bit Axe
11:03 Horse Collar
17:45 Fletching
18:41 Wheelbarrow
18:07 Stone Mining
18:33 Forging
22:01 Padded Archer Armor
26:20 Castle Age
27:40 Bodkin Arrow
28:53 Ballistics
28:30 Murder Holes
29:13 Iron Casting
28:02 Crossbowman
28:43 Treadmill Crane
30:11 Thumb Ring
29:59 Loom
30:12 Gold Mining
33:15 Silk Road
36:16 Imperial Age
37:32 Bow Saw
37:20 Elite Genoese Crossbowman
40:29 Arrowslits
42:00 Bracer
46:13 Blast Furnace
46:16 Chemistry
44:40 Capped Ram
45:45 Conscription
45:45 Scale Mail Armor
46:24 Stone Shaft Mining
47:44 Two-Man Saw
Connection lost

Rejoining the realm…

Still unreachable

The connection could not be restored.

Session expired

The server has moved on; the page needs a fresh start.